 Dungeon Crawl Stone Soup version 0.29.0-11-gd7f09526c8 (webtiles) character file.

Game seed: 4599303482482912424

136 leavemydog the Conjurer (level 5, -1/31 HPs)
             Began as an Octopode Conjurer on Sept 6, 2022.
             Slain by a sky beast (4 damage)
             ... on level 3 of the Dungeon.
             The game lasted 00:06:01 (3872 turns).

leavemydog the Conjurer (Octopode Conjurer)         Turns: 3872, Time: 00:06:02

Health: -1/31      AC:  1    Str:  6    XL:     5   Next: 19%
Magic:  7/10       EV: 13    Int: 22    God:
Gold:   163        SH:  0    Dex: 11    Spells: 3/10 levels left

rFire   . . .      SeeInvis .   c - +0 dagger
rCold   . . .      Faith    .   (no shield)
rNeg    . . .      Spirit   .   (helmet restricted)
rPois   .          Reflect  .   (no amulet)
rElec   .          Harm     .   (no ring)
rCorr   .          Rampage  .   (no ring)
Will    .....                   (no ring)
Stlth   +++.......              (no ring)
HPRegen 0.10/turn               (no ring)
MPRegen 0.12/turn               (no ring)
                                (no ring)
                                (no ring)

@: no status effects
A: almost no armour, amphibious, 8 rings, camouflage 1, gelatinous body 1,
(nimble swimmer 1), tentacles
a: no special abilities


You were on level 3 of the Dungeon.
You visited 1 branch of the dungeon, and saw 3 of its levels.

You collected 163 gold pieces.

Inventory:

Hand Weapons
 c - a +0 dagger (weapon)
Wands
 f - a wand of roots (7)
Scrolls
 e - a scroll of vulnerability
 g - a scroll of immolation {unknown}
 j - a scroll of summoning {unknown}
Potions
 b - a potion of cancellation
 d - a potion of flight {unknown}
 i - a potion of resistance {unknown}


   Skills:
 - Level 2.0 Dodging
 + Level 3.3 Stealth
 * Level 3.4 Spellcasting
 + Level 5.2 Conjurations
 * Level 0.2 Translocations


You had 3 spell levels left.
You knew the following spells:

 Your Spells              Type           Power      Damage    Failure   Level
a - Magic Dart            Conj           100%       1d8       1%          1
b - Searing Ray           Conj           52%        2d6       1%          2
c - Iskenderun's Mystic   Conj/Tloc      15%        2d5       36%         4

Your spell library contained the following spells:

 Spells                   Type           Power      Damage    Failure   Level
 Necrotise                Necr           12%        1d4       12%         1
 Dazzling Flash           Conj/Hex       30%        N/A       12%         3
 Ensorcelled Hibernation  Hex/Ice        6%         N/A       19%         2
 Sublimation of Blood     Necr           3%         N/A       19%         2
 Wereblood                Tmut           3%         N/A       19%         2
 Spider Form              Tmut/Pois      3%         N/A       34%         3
 Vampiric Draining        Necr           3%         2d6       34%         3
 Fulminant Prism          Conj/Hex       7%         3d7       38%         4
 Anguish                  Hex/Necr       1%         N/A       75%         4
 Agony                    Necr           3%         N/A       97%         5
 Silence                  Hex/Air        1%         N/A       97%         5
 Summon Hydra             Summ           1%         N/A       100%        7


Dungeon Overview and Level Annotations

Branches:
Dungeon (3/15)

Altars:


Innate Abilities, Weirdness & Mutations

You cannot wear most types of armour.
You are amphibious.
You can wear up to eight rings at the same time.
Your skin changes colour to match your surroundings (Stealth+).
Your rubbery body absorbs attacks. (AC +1, EV +1)
((You are camouflaged when in or above water. (Stealth+)))
You have tentacles for arms and can constrict up to eight enemies at once.


Message History

Casting: Searing Ray (safe; 1% risk of failure)
Confirm with . or Enter, or press ? or * to list all spells.
Aiming: Searing Ray (safe; 1% risk of failure)
Press: ? - help, Shift-Dir - straight line, f/p - sky beast
Aim: a sky beast (heavily wounded, 71% to hit)
The searing ray misses the sky beast. (Press . to maintain the ray.)
The sky beast hits you. The sky beast shocks you.
Unknown command.
The searing ray misses the sky beast.
The sky beast hits you. The sky beast shocks you.
* * * LOW HITPOINT WARNING * * *
It was a potion of curing.
You feel better. The sky beast closely misses you.
Casting: Searing Ray (safe; 1% risk of failure)
Confirm with . or Enter, or press ? or * to list all spells.
Aiming: Searing Ray (safe; 1% risk of failure)
Press: ? - help, Shift-Dir - straight line, f/p - sky beast
Aim: a sky beast (heavily wounded, 71% to hit)
The searing ray misses the sky beast. (Press . to maintain the ray.)
The sky beast hits you. The sky beast shocks you.
* * * LOW HITPOINT WARNING * * *
You feel better. The sky beast misses you. Magic courses through your body.
The sky beast barely misses you.
Casting: Searing Ray (safe; 1% risk of failure)
Confirm with . or Enter, or press ? or * to list all spells.
Aiming: Searing Ray (safe; 1% risk of failure)
Press: ? - help, Shift-Dir - straight line, f/p - sky beast
Aim: a sky beast (heavily wounded, 71% to hit)
The searing ray hits the sky beast!
The sky beast is severely wounded. (Press . to maintain the ray.)
The sky beast hits you.
* * * LOW HITPOINT WARNING * * *
The sky beast shocks you.
* * * LOW HITPOINT WARNING * * *
The searing ray hits the sky beast.
The sky beast is almost dead.
The sky beast hits you.
You die...

#.# #.# ##.##
##...## #.....#
##...##
.######.######.#
...............#
.######@########
#Y# ... .....
.......
.........
+.........+
#.........#


You could see a sky beast.

Vanquished Creatures
  An iguana (D:2)
  2 adders (D:2)
  2 worms
  2 dart slugs (D:1)
  9 orcs (D:3)
  4 endoplasms
  3 giant cockroaches
  5 hobgoblins
  6 jackals (D:1)
  4 quokkas (D:1)
  3 ball pythons (D:1)
  11 bats
  4 frilled lizards
  7 goblins
  3 kobolds (D:1)
  2 rats (D:1)
68 creatures vanquished.

Notes
Turn   | Place    | Note
-------+----------+-------------------------------------------
     0 | D:1      | leavemydog the Octopode Conjurer began the quest for the
                  | Orb.
     0 | D:1      | Reached XP level 1. HP: 11/11 MP: 3/3
   619 | D:1      | Reached XP level 2. HP: 17/17 MP: 1/5
   701 | D:1      | Learned a level 2 spell: Searing Ray
  1056 | D:1      | Found a faded altar of an unknown god.
  1205 | D:1      | Reached XP level 3. HP: 21/21 MP: 1/6
  2272 | D:2      | Reached skill level 5 in Conjurations
  2272 | D:2      | Reached XP level 4. HP: 16/27 MP: 1/8
  2597 | D:2      | Identified the +9 hand axe of Doom {drain, rC+ Dex+4 SInv}
  2603 | D:2      | Learned a level 4 spell: Iskenderun's Mystic Blast
  3275 | D:3      | Reached XP level 5. HP: 22/31 MP: 0/9
  3860 | D:3      | Noticed a sky beast
  3872 | D:3      | Slain by a sky beast

Illustrated notes

Levels and vault maps discovered:
D:1:      dpeg_arrival_morbid_curiosity, layout_loops_corners,
          hellmonk_ecumenical_altar_zigzags
D:2:      layout_basic
D:3:      layout_loops_corners

Skill      XL: |  1  2  3  4 |
---------------+-------------+-----
Stealth        | 3 |  3.3
Conjurations   | 5 |  5.2
Spellcasting   | 3 |  3.4
Dodging        | |  2.0
Translocations | |  0.2

Action                   |  1- 3 |  4- 6 || total
-------------------------+-------+-------++-------
Melee: Dagger            |    32 |     9 ||    41
       Tentacles         |     4 |     5 ||     9
       Constrict         |     7 |     3 ||    10
 Cast: Magic Dart        |    59 |    59 ||   118
       Searing Ray       |     1 |     7 ||     8
  Use: Scroll            |       |     3 ||     3
       Potion            |       |     3 ||     3
Armor: Skin              |     3 |       ||     3
Dodge: Dodged            |    18 |    13 ||    31
